TOP OF THE 1ST |
BlackIron Dragons batting - Pitching for Santa Fe Diablos : LHP Homer Bryan
|
Pitching: LHP Homer Bryan
|
|
Batting: RHB Randall Walker
|
0-0: Foul Ball, location: 2F 0-1: Ball 1-1: Called Strike 1-2: Strikes out swinging, 2-3 out at first.
|
Batting: LHB Giovannino Arduino
|
0-0: Foul Ball, location: 2F 0-1: Foul Ball, location: 2F 0-2: Ground out 6-3 (Groundball, 6S)
|
Batting: RHB Jimmy King
|
0-0: Called Strike 0-1: Ball 1-1: Foul Ball, location: 2F 1-2: Ball 2-2: SINGLE (Groundball, 56D)
|
Batting: RHB Millard Long
|
0-0: Ball 1-0: Foul Ball, location: 2F 1-1: Ball 2-1: Ball 3-1: Base on Balls Jimmy King to second
|
Batting: RHB Iván Granados
|
0-0: Ball 1-0: Ground out 1-3 (Groundball, 13)
|
Top of the 1st over - 0 runs, 1 hit, 0 errors, 2 left on base; BlackIron 0 - Santa Fe 0 |
BOTTOM OF THE 1ST |
Santa Fe Diablos batting - Pitching for BlackIron Dragons : RHP Juan Carlos Guerrero
|
Pitching: RHP Juan Carlos Guerrero
|
|
Batting: SHB Ángel Díaz
|
0-0: Ball 1-0: Ball 2-0: Ground out 1-3 (Groundball, 13)
|
Batting: RHB Mitchell Pate
|
0-0: Ball 1-0: Foul Ball, location: 2F 1-1: Foul Ball, location: 2F 1-2: Ball 2-2: Fly out, F8 (Flyball, 8RD)
|
Batting: LHB Merrill Erickson
|
0-0: Called Strike 0-1: Ball 1-1: SINGLE (Flyball, 7LS)
|
Batting: LHB Arturo Rodledo
|
0-0: Ball 1-0: Swinging Strike 1-1: Fly out, F7 (Flyball, 7S)
|
Bottom of the 1st over - 0 runs, 1 hit, 0 errors, 1 left on base; BlackIron 0 - Santa Fe 0 |
TOP OF THE 2ND |
BlackIron Dragons batting - Pitching for Santa Fe Diablos : LHP Homer Bryan
|
Batting: RHB John Jones
|
0-0: Ball 1-0: Ball 2-0: SINGLE (Groundball, 34D)
|
Batting: RHB Júlio Rodríguez
|
0-0: Ball 1-0: Ball 2-0: Ball 3-0: Base on Balls John Jones to second
|
Batting: RHB Jorge Loanos
|
0-0: Swinging Strike 0-1: Called Strike 0-2: Strikes out swinging
|
Batting: LHB Roy Woods
|
0-0: Ball 1-0: Ball 2-0: Ball 3-0: Called Strike 3-1: Base on Balls John Jones to third Júlio Rodríguez to second
|
Batting: RHB Randall Walker
|
0-0: Foul Ball, location: 2F 0-1: Ball 1-1: GRAND SLAM HOME RUN (Flyball, 7D), Distance : 349 ft
|
Batting: LHB Giovannino Arduino
|
0-0: Called Strike 0-1: Foul Ball, location: 2F 0-2: Ball 1-2: Foul Ball, location: 2F 1-2: Foul Ball, location: 2F 1-2: Strikes out looking
|
Batting: RHB Jimmy King
|
0-0: Ball 1-0: Ball 2-0: SINGLE (Line Drive, 6MD)
|
Batting: RHB Millard Long
|
0-0: Ball 1-0: Foul Ball, location: 2F 1-1: Ball 2-1: Foul Ball, location: 2F 2-2: Foul Ball, location: 2F 2-2: Fly out, F7 (Flyball, 7LD)
|
Top of the 2nd over - 4 runs, 3 hits, 0 errors, 1 left on base; BlackIron 4 - Santa Fe 0 |
BOTTOM OF THE 2ND |
Santa Fe Diablos batting - Pitching for BlackIron Dragons : RHP Juan Carlos Guerrero
|
Batting: LHB Juan Torres
|
0-0: Called Strike 0-1: Ball 1-1: Swinging Strike 1-2: DOUBLE (Line Drive, 89D)
|
Batting: RHB Chris Rice
|
0-0: SINGLE (Groundball, 6D) Juan Torres to third Throwing error, E8 Juan Torres scores Chris Rice to second
|
Batting: RHB Frank Martínez
|
0-0: Fly out, F5 (Popup, 5SF)
|
Batting: RHB Adrián Barrera
|
0-0: Ball 1-0: Foul Ball, location: 2F 1-1: Ball 2-1: Ball 3-1: Called Strike 3-2: Strikes out looking
|
Batting: RHB Nate Atkinson
|
0-0: Foul Ball, location: 2F 0-1: Ground out 6-3 (Groundball, 6)
|
Bottom of the 2nd over - 1 run, 2 hits, 1 error, 1 left on base; BlackIron 4 - Santa Fe 1 |
TOP OF THE 3RD |
BlackIron Dragons batting - Pitching for Santa Fe Diablos : LHP Homer Bryan
|
Batting: RHB Iván Granados
|
0-0: Ball 1-0: Ball 2-0: Foul Ball, location: 2F 2-1: Called Strike 2-2: Strikes out swinging
|
Batting: RHB John Jones
|
0-0: Called Strike 0-1: Ground out 4-3 (Groundball, 4S)
|
Batting: RHB Júlio Rodríguez
|
0-0: Foul Ball, location: 2F 0-1: Ball 1-1: Foul Ball, location: 2F 1-2: Foul Ball, location: 2F 1-2: Ball 2-2: Ball 3-2: Fly out, F6 (Popup, 6MS)
|
Top of the 3rd over - 0 runs, 0 hits, 0 errors, 0 left on base; BlackIron 4 - Santa Fe 1 |
BOTTOM OF THE 3RD |
Santa Fe Diablos batting - Pitching for BlackIron Dragons : RHP Juan Carlos Guerrero
|
Batting: SHB Ángel Díaz
|
0-0: Called Strike 0-1: Fly out, F9 (Line Drive, 9)
|
Batting: RHB Mitchell Pate
|
0-0: Foul Ball, location: 2F 0-1: Ball 1-1: Foul Ball, location: 2F 1-2: Ground out U3 (Groundball, 34D)
|
Batting: LHB Merrill Erickson
|
0-0: Ball 1-0: Ball 2-0: Ball 3-0: Called Strike 3-1: Base on Balls
|
Batting: LHB Arturo Rodledo
|
0-0: Called Strike 0-1: Fly out, F7 (Flyball, 7D)
|
Bottom of the 3rd over - 0 runs, 0 hits, 0 errors, 1 left on base; BlackIron 4 - Santa Fe 1 |
TOP OF THE 4TH |
BlackIron Dragons batting - Pitching for Santa Fe Diablos : LHP Homer Bryan
|
Batting: RHB Jorge Loanos
|
0-0: Foul Ball, location: 2F 0-1: Swinging Strike 0-2: SINGLE (Groundball, 56) (infield hit)
|
Batting: LHB Roy Woods
|
0-0: Foul Ball, location: 2F 0-1: SINGLE (Flyball, 7LM) Jorge Loanos to second
|
Batting: RHB Randall Walker
|
0-0: Called Strike 0-1: Fly out, F9 (Line Drive, 9S)
|
Batting: LHB Giovannino Arduino
|
0-0: Ball 1-0: Ball 2-0: Called Strike 2-1: Ball 3-1: Foul Ball, location: 2F 3-2: 3-RUN HOME RUN (Flyball, 9D), Distance : 360 ft
|
Batting: RHB Jimmy King
|
0-0: Ball 1-0: Ball 2-0: Foul Ball, location: 2F 2-1: Swinging Strike 2-2: Ball 3-2: Foul Ball, location: 2F 3-2: Foul Ball, location: 2F 3-2: Strikes out swinging
|
Batting: RHB Millard Long
|
0-0: Ball 1-0: Called Strike 1-1: Ball 2-1: Ball 3-1: Base on Balls
|
Pitching: RHP Ron Hannah
|
|
Batting: RHB Iván Granados
|
0-0: Ball 1-0: Hit by Pitch Millard Long to second
|
Batting: RHB John Jones
|
0-0: Ground out 1-3 (Groundball, P)
|
Top of the 4th over - 3 runs, 3 hits, 0 errors, 2 left on base; BlackIron 7 - Santa Fe 1 |
BOTTOM OF THE 4TH |
Santa Fe Diablos batting - Pitching for BlackIron Dragons : RHP Juan Carlos Guerrero
|
Batting: LHB Juan Torres
|
0-0: Ball 1-0: Swinging Strike 1-1: Called Strike 1-2: Ball 2-2: Ball 3-2: Base on Balls
|
Batting: RHB Chris Rice
|
0-0: Ball 1-0: Called Strike 1-1: Ground out 6-3 (Groundball, 6S) Juan Torres to second
|
Batting: RHB Frank Martínez
|
0-0: Ball 1-0: Ball 2-0: Ball 3-0: Called Strike 3-1: Fly out, F8 (Flyball, 8LD)
|
Batting: RHB Adrián Barrera
|
0-0: Foul Ball, location: 2F 0-1: Ball 1-1: Called Strike 1-2: Strikes out swinging
|
Bottom of the 4th over - 0 runs, 0 hits, 0 errors, 1 left on base; BlackIron 7 - Santa Fe 1 |
TOP OF THE 5TH |
BlackIron Dragons batting - Pitching for Santa Fe Diablos : RHP Ron Hannah
|
Batting: RHB Júlio Rodríguez
|
0-0: Called Strike 0-1: Ball 1-1: Ground out 6-3 (Groundball, 6)
|
Batting: RHB Jorge Loanos
|
0-0: Ball 1-0: Ball 2-0: Ball 3-0: Base on Balls
|
Batting: LHB Roy Woods
|
0-0: Foul Ball, location: 2F 0-1: Foul Ball, location: 2F 0-2: Strikes out looking
|
Batting: RHB Randall Walker
|
0-0: DOUBLE (Line Drive, 7LM) Jorge Loanos to third Runner from 3rd tries for Home, SAFE, no throw
|
Batting: LHB Giovannino Arduino
|
0-0: Called Strike 0-1: Called Strike 0-2: Ball 1-2: Foul Ball, location: 2F 1-2: Ball 2-2: Strikes out swinging
|
Top of the 5th over - 1 run, 1 hit, 0 errors, 1 left on base; BlackIron 8 - Santa Fe 1 |
BOTTOM OF THE 5TH |
Santa Fe Diablos batting - Pitching for BlackIron Dragons : RHP Juan Carlos Guerrero
|
Batting: RHB Nate Atkinson
|
0-0: Ball 1-0: Ball 2-0: Ball 3-0: Base on Balls
|
Batting: SHB Ángel Díaz
|
0-0: Called Strike 0-1: Swinging Strike 0-2: Fly out, F9 (Flyball, 9D)
|
Batting: RHB Mitchell Pate
|
0-0: Ball 1-0: SINGLE (Groundball, 56D) Nate Atkinson to second
|
Batting: LHB Merrill Erickson
|
0-0: Ball 1-0: Fly out, F9 (Line Drive, 9D) Runner from 2nd tags up, SAFE at 3rd, no throw
|
Batting: LHB Arturo Rodledo
|
0-0: Ball 1-0: Ball 2-0: Called Strike 2-1: Called Strike 2-2: Strikes out looking
|
Bottom of the 5th over - 0 runs, 1 hit, 0 errors, 2 left on base; BlackIron 8 - Santa Fe 1 |
TOP OF THE 6TH |
BlackIron Dragons batting - Pitching for Santa Fe Diablos : RHP Ron Hannah
|
Batting: RHB Jimmy King
|
0-0: Ball 1-0: Swinging Strike 1-1: Swinging Strike 1-2: Ball 2-2: Strikes out swinging
|
Batting: RHB Millard Long
|
0-0: Ball 1-0: Ball 2-0: Foul Ball, location: 2F 2-1: Fly out, F5 (Popup, 25F)
|
Batting: RHB Iván Granados
|
0-0: Ball 1-0: Ball 2-0: Ball 3-0: Called Strike 3-1: Base on Balls
|
Batting: RHB John Jones
|
0-0: Ball 1-0: Ball 2-0: Ball 3-0: Base on Balls Iván Granados to second
|
Batting: RHB Júlio Rodríguez
|
0-0: Foul Ball, location: 2F 0-1: Ball 1-1: Foul Ball, location: 2F 1-2: DOUBLE (Line Drive, 7D) Iván Granados scores John Jones to third
|
Batting: RHB Jorge Loanos
|
0-0: Ball 1-0: Ball 2-0: Ball 3-0: Base on Balls
|
Batting: LHB Roy Woods
|
0-0: Called Strike 0-1: Ball 1-1: Swinging Strike 1-2: Strikes out swinging
|
Top of the 6th over - 1 run, 1 hit, 0 errors, 3 left on base; BlackIron 9 - Santa Fe 1 |
BOTTOM OF THE 6TH |
Santa Fe Diablos batting - Pitching for BlackIron Dragons : RHP Juan Carlos Guerrero
|
Batting: LHB Juan Torres
|
0-0: Foul Ball, location: 2F 0-1: Ball 1-1: Fly out, F8 (Flyball, 8LM)
|
Batting: RHB Chris Rice
|
0-0: Called Strike 0-1: Foul Ball, location: 2F 0-2: Ball 1-2: Ball 2-2: Ground out 4-3 (Groundball, 4)
|
Batting: RHB Frank Martínez
|
0-0: Ball 1-0: Called Strike 1-1: Ball 2-1: Foul Ball, location: 2F 2-2: DOUBLE (Line Drive, 89D)
|
Batting: RHB Adrián Barrera
|
0-0: Ball 1-0: Called Strike 1-1: Fly out, F9 (Line Drive, 89M)
|
Bottom of the 6th over - 0 runs, 1 hit, 0 errors, 1 left on base; BlackIron 9 - Santa Fe 1 |
TOP OF THE 7TH |
BlackIron Dragons batting - Pitching for Santa Fe Diablos : RHP Ron Hannah
|
Batting: RHB Randall Walker
|
0-0: Called Strike 0-1: Ground out U3 (Groundball, 3L)
|
Batting: LHB Giovannino Arduino
|
0-0: Called Strike 0-1: Ground out 6-3 (Groundball, 6)
|
Batting: RHB Jimmy King
|
0-0: Ball 1-0: Foul Ball, location: 2F 1-1: Ball 2-1: Ball 3-1: Base on Balls
|
Batting: RHB Millard Long
|
0-0: Ball Jimmy King steals 2nd base 1-0: Foul Ball, location: 2F 1-1: Ball 2-1: Fly out, F9 (Flyball, 89M)
|
Top of the 7th over - 0 runs, 0 hits, 0 errors, 1 left on base; BlackIron 9 - Santa Fe 1 |
BOTTOM OF THE 7TH |
Santa Fe Diablos batting - Pitching for BlackIron Dragons : RHP Juan Carlos Guerrero
|
Batting: RHB Nate Atkinson
|
0-0: Called Strike 0-1: Ball 1-1: Ball 2-1: Ball 3-1: Swinging Strike 3-2: Foul Ball, location: 2F 3-2: Strikes out swinging
|
Batting: SHB Ángel Díaz
|
0-0: Foul Ball, location: 2F 0-1: Foul Ball, location: 2F 0-2: Strikes out swinging
|
Batting: RHB Mitchell Pate
|
0-0: Called Strike 0-1: Ball 1-1: Foul Ball, location: 2F 1-2: DOUBLE (Flyball, 8RD)
|
Pitching: LHP Desi Wells
|
|
Batting: LHB Merrill Erickson
|
0-0: Ball 1-0: Fly out, F7 (Flyball, 7LMF)
|
Bottom of the 7th over - 0 runs, 1 hit, 0 errors, 1 left on base; BlackIron 9 - Santa Fe 1 |
TOP OF THE 8TH |
BlackIron Dragons batting - Pitching for Santa Fe Diablos : RHP Ron Hannah
|
Batting: RHB Iván Granados
|
0-0: Ball 1-0: Fly out, F4 (Line Drive, 4M)
|
Batting: RHB John Jones
|
0-0: SINGLE (Line Drive, 8LS)
|
Batting: RHB Júlio Rodríguez
|
0-0: Ball John Jones is caught stealing 2nd base 1-0: Ball 2-0: Ball 3-0: Called Strike 3-1: Base on Balls
|
Batting: RHB Jorge Loanos
|
0-0: Ball 1-0: Ball 2-0: Ball 3-0: Base on Balls Júlio Rodríguez to second
|
Batting: LHB Roy Woods
|
0-0: Ball 1-0: Ball 2-0: Ball 3-0: Base on Balls Júlio Rodríguez to third Jorge Loanos to second
|
Pitching: LHP Juan Parrot
|
|
Batting: RHB Randall Walker
|
0-0: Foul Ball, location: 2F 0-1: Called Strike 0-2: Ball 1-2: Fly out, F6 (Popup, 15)
|
Top of the 8th over - 0 runs, 1 hit, 0 errors, 3 left on base; BlackIron 9 - Santa Fe 1 |
BOTTOM OF THE 8TH |
Santa Fe Diablos batting - Pitching for BlackIron Dragons : LHP Desi Wells
|
Now at C: Luis Méndez
|
|
Now at 1B: Roderick Silva
|
|
Now in RF: Jesús Castillo
|
|
Batting: LHB Arturo Rodledo
|
0-0: Called Strike 0-1: Ball 1-1: Ball 2-1: Foul Ball, location: 2F 2-2: Ball 3-2: Base on Balls
|
Batting: LHB Juan Torres
|
0-0: Called Strike 0-1: Foul Ball, location: 2F 0-2: Ball 1-2: DOUBLE (Line Drive, 89M) Arturo Rodledo to third
|
Batting: RHB Chris Rice
|
0-0: Ground out 3-1 (Groundball, 34) Arturo Rodledo scores Juan Torres to third
|
Batting: RHB Frank Martínez
|
0-0: Ball 1-0: Ball 2-0: Ball 3-0: Base on Balls
|
Batting: RHB Adrián Barrera
|
0-0: Ball 1-0: Ball 2-0: SINGLE (Groundball, 34D) Juan Torres scores Frank Martínez to second Runner from 2nd tries for 3rd, SAFE, no throw
|
Batting: RHB Nate Atkinson
|
0-0: Grounds into double play, 6-4-3 (Groundball, 6)
|
Bottom of the 8th over - 2 runs, 2 hits, 0 errors, 1 left on base; BlackIron 9 - Santa Fe 3 |
TOP OF THE 9TH |
BlackIron Dragons batting - Pitching for Santa Fe Diablos : LHP Juan Parrot
|
Pitching: RHP Juan Mesa
|
|
Batting: LHB Giovannino Arduino
|
0-0: Foul Ball, location: 2F 0-1: Ball 1-1: Ball 2-1: Foul Ball, location: 2F 2-2: DOUBLE (Line Drive, 78D)
|
Batting: RHB Jimmy King
|
0-0: Ball 1-0: Fly out, F8 (Flyball, 8RS)
|
Batting: RHB Millard Long
|
0-0: Swinging Strike 0-1: Called Strike 0-2: Foul Ball, location: 2F 0-2: Foul Ball, location: 2F 0-2: Fly out, F7 (Flyball, 7LS)
|
Batting: RHB Iván Granados
|
0-0: Foul Ball, location: 2F Balk! Giovannino Arduino to third 0-1: Called Strike 0-2: Foul Ball, location: 2F 0-2: Strikes out swinging
|
Top of the 9th over - 0 runs, 1 hit, 0 errors, 1 left on base; BlackIron 9 - Santa Fe 3 |
BOTTOM OF THE 9TH |
Santa Fe Diablos batting - Pitching for BlackIron Dragons : LHP Desi Wells
|
Now in LF: Alexander Barr
|
|
Now in CF: Miguel Barrón
|
|
Batting: SHB Ángel Díaz
|
0-0: Called Strike 0-1: Fly out, F9 (Flyball, 9LSF)
|
Batting: RHB Mitchell Pate
|
0-0: Called Strike 0-1: Swinging Strike 0-2: DOUBLE (Line Drive, 3D)
|
Batting: LHB Merrill Erickson
|
0-0: Called Strike 0-1: Foul Ball, location: 2F 0-2: Foul Ball, location: 2F 0-2: Fly out, F8 (Flyball, 78D)
|
Batting: LHB Arturo Rodledo
|
0-0: Called Strike 0-1: Ground out 4-3 (Groundball, 4)
|
Bottom of the 9th over - 0 runs, 1 hit, 0 errors, 1 left on base; BlackIron 9 - Santa Fe 3 |
|